 Dungeon Crawl Stone Soup version 0.31-a0-221-gbddc013574 (webtiles) character file.

Game seed: 14680450225225613022

116417 qw the Severer (level 16, -5/103 HPs)
             Began as a Gargoyle Fighter on July 4, 2023.
             Was an Elder of Okawaru.
             Splashed by a goliath frog's acid (8 damage)
             ... on level 3 of the Swamp.
             The game lasted 00:16:23 (27630 turns).

qw the Severer (Gargoyle Fighter)                  Turns: 27630, Time: 00:16:23

Health: -5/103     AC: 39    Str: 26    XL:     16   Next: 71%
Magic:  23/23      EV: 12    Int: 11    God:    Okawaru [****..]
Gold:   734        SH: 18    Dex:  9    Spells: 15/15 levels left

rFire   . . .        b - +1 broad axe (vamp)
rCold   + . .        e - +0 tower shield {reflect}
rNeg    + . .        k - +1 plate armour {rC+}
rPois   inf          s - +2 hat {Will+}
rElec   +            C - +2 cloak
rCorr   .            g - +2 pair of gloves
SInv    .            m - +1 pair of boots
Will    ++...        E - amulet of faith Stlth
                     t - +4 ring of protection
HPRegen 0.37/turn    y - +5 ring of evasion
MPRegen 0.18/turn

%: reflection, faith
@: about to teleport, corroded, flying
A: sickness immunity, AC +12, big wings, negative energy resistance 1,
electricity resistance, torment resistance 1, petrification resistance
a: Renounce Religion, Heroism, Finesse


You were on level 3 of the Swamp.
You worshipped Okawaru.
Okawaru was greatly pleased with you.
You visited 4 branches of the dungeon, and saw 25 of its levels.

You collected 2699 gold pieces.
You spent 1965 gold pieces at shops.


Innate Abilities, Weirdness & Mutations

You are immune to sickness and miasma.
Your stone body is resilient. (AC +12)
You are immune to poison.
Your large and strong wings let you fly.
You resist negative energy. (rN+)
You are resistant to electric shocks. (rElec)
You are resistant to unholy torment.
You are immune to petrification.


   Skills:
 - Level 12.4 Fighting
 - Level 17.0 Axes
 - Level 6.0 Throwing
 + Level 10.7 Armour
 - Level 3.2 Dodging
 - Level 16.0 Shields
 - Level 10.1 Invocations


You had 15 spell levels left.
You didn't know any spells.
Your spell library was empty.

Inventory:

Hand Weapons
 b - a +1 vampiric broad axe (weapon)
 p - a +0 mace
 Y - a +3 broad axe of freezing
Missiles
 n - 17 boomerangs
 G - 3 silver boomerangs (quivered)
Armour
 c - the +7 scale mail of Makhleb, Bashing {rN+ rCorr}
   (You found it on level 5 of the Dungeon)

   rN:        It protects you from negative energy.
   rCorr:     It protects you from acid and corrosion.
 e - a +0 tower shield of reflection (worn)
 g - a +2 pair of gloves (worn)
 k - a +1 plate armour of cold resistance (worn)
 m - a +1 pair of boots (worn)
 s - a +2 hat of willpower (worn)
 u - a +1 helmet
 C - a +2 cloak (worn)
 H - a +3 chain mail of fire resistance
Jewellery
 f - an amulet of reflection
 q - a ring of resist corrosion
 r - a ring of protection from cold
 t - a +4 ring of protection (left hand)
 v - a ring of protection from cold
 y - a +5 ring of evasion (right hand)
 E - an amulet of faith (around neck)
 F - the ring of Danicline {rPois rN+++ rCorr Dex-4 Slay+3}
   (You bought it in a shop on level 15 of the Dungeon)

   [ring of poison resistance]

   Dex:       It affects your dexterity (-4).
   Slay:      It affects your accuracy & damage with ranged weapons and melee
   (+3).
   rPois:     It protects you from poison.
   rN:        It renders you almost immune to negative energy.
   rCorr:     It protects you from acid and corrosion.
Wands
 o - a wand of digging (2)
Scrolls
 h - 11 scrolls of identify
 A - 6 scrolls of teleportation
 I - a scroll of brand weapon
Potions
 a - 3 potions of enlightenment
 d - 6 potions of might
 i - 3 potions of attraction
 j - 3 potions of mutation
 l - 6 potions of curing
 x - a potion of resistance
 z - 4 potions of lignification
 B - 2 potions of cancellation
 D - 3 potions of heal wounds

Dungeon Overview and Level Annotations

Branches:
Dungeon (15/15)            Temple (0/1) D:7            Lair (5/5) D:8
  Swamp (2/4) Lair:3       Spider (0/4) Lair:3        Slime (0/5) Lair:4
    Orc (2/2) D:11            Elf (0/3) Orc:2        Vaults (0/5) D:14
 Depths (0/4) D:15

Altars:
Cheibriados
Dithmenos
Gozag
Hepliaklqana
Kikubaaqudgha
Makhleb
Nemelex Xobeh
Okawaru
Qazlal
Sif Muna
Trog
Uskayaw
Wu Jian
Yredelemnul
Jiyva
Lugonu

Shops:
D:3 [   D:15 =   Orc:1 (   Orc:2 ?***

Portals:
Abyss: Lair:5

Annotations:
D:3 exclusion: dart slug
D:6 exclusion: 5 Dowans, Duvessa
D:14 3 runed translucent doors, qw's ghost, journeyman GrFi
Lair:5 1 runed translucent door, qw's ghost, journeyman MiHu
Swamp:1 1 runed translucent door


Message History

You block the spectral spriggan berserker's attack.
The swamp dragon is engulfed in spectral mist.
The swamp dragon breathes poison at you.
The blast of poison engulfs you but does no damage.
You resist.
The ghost crab breathes spectral mist at you.
The spectral mist engulfs you but does no damage.
You hear an angry hiss.
27628 ||| SWAPPING to +1 vampiric broad axe.
You feel a sense of dread.
b - a +1 vampiric broad axe (weapon)
You are engulfed in spectral mist.
You block the goliath frog's attack.
The bunyip is engulfed in spectral mist.
You block the bunyip's attack. The bunyip claws you!!
The bunyip claws you but does no damage.
The goliath frog is engulfed in spectral mist.
You block the goliath frog's attack. The tyrant leech bites you!!
The spectral spriggan berserker misses you.
You slash the bunyip!
The bunyip is severely wounded.
You hit the tyrant leech but do no damage.
You barely miss the swamp dragon. You barely miss the ghost crab.
You slash the spectral spriggan berserker!
You are engulfed in spectral mist.
You feel like a meek peon again. You block the goliath frog's attack.
The swamp dragon is engulfed in spectral mist.
You block the swamp dragon's attack. x2; The swamp dragon closely misses you.
The ghost crab bites you but does no damage.
The ghost crab barely misses you.
The goliath frog is engulfed in spectral mist.
The goliath frog hits you from afar!
You are splashed with acid!
27630 ||| READING 7 scrolls of teleportation.
As you read the scroll of teleportation, it crumbles to dust.
You feel strangely unstable.
The spectral fenstrider witch fades away!
You block the spectral spriggan berserker's attack.
You block the tyrant leech's attack. The goliath frog hits you from afar!
You are splashed with acid!
You die... 777 7

77~77777~77
77...7.....7
..7.7.¤~0.0.....
~.~..~000t~~...7
70@xZ~¤~7
....~¤FwDZ07..7
....~~000~F...~
...¤..0.0..~.~¤.
~.......¤.~7.~.~
.~~.[~.........7
~.~..¤.~..~~..~7
....7.~.~~..~.77


You could see a bunyip, a swamp dragon (catching breath), a tyrant leech, a
ghost crab, a spectral spriggan berserker (summoned), a spectral fenstrider
witch (summoned) and 2 goliath frogs.

Vanquished Creatures
  Jorgrun (Orc:2)
  4 orc warlords
  An eleionoma (Swamp:1)
  A dire elephant (D:15)
  2 bunyips
  An ettin (Orc:2)
  Fannar (D:10)
  5 vault guards (D:14)
  Harold (D:9)
  A rakshasa (D:14)
  3 hydras
  3 ogre magi
  A ghost crab (Swamp:2)
  A death knight (D:13)
  2 alligators
  8 boulder beetles
  11 two-headed ogres
  11 death yaks
  3 tengu warriors
  2 centaur warriors
  Urug (Lair:3)
  2 large abominations (Lair:5)
  2 thrashing horrors (Lair:5)
  A skyshark (Lair:3)
  4 skeletal warriors (D:12)
  A skyshark (shapeshifter) (D:14)
  An iron troll (Orc:2)
  A deep troll (Orc:2)
  A wizard (D:14)
  A spriggan druid (Swamp:1)
  4 orc knights
  20 ugly things
  A wolf spider (D:15)
  3 deep elf pyromancers
  3 oklob plants
  3 orc sorcerers
  6 manticores
  8 cyclopes
  17 elephants
  A gargoyle (D:12)
  5 black mambas
  A smoke demon (Lair:5)
  7 cane toads
  Maggie (Lair:2)
  2 kobold demonologists (D:9)
  An unseen horror (D:12)
  A yaktaur (D:12)
  4 efreet
  A yaktaur (shapeshifter) (Lair:5)
  A freezing wraith (D:15)
  3 rime drakes
  11 komodo dragons
  3 ancient zymes (Lair:5)
  A queen bee (Lair:2)
  2 polar bears
  15 trolls
  4 tyrant leeches
  Prince Ribbit (D:7)
  A wolf spider simulacrum (D:15)
  2 hornets
  19 blink frogs
  Grinder (D:6)
  9 slime creatures
  A jumping spider (Lair:3)
  A centaur simulacrum (D:12)
  2 spriggans (Lair:5)
  4 wyverns
  2 water elementals (D:15)
  3 wraiths
  9 yaks
  2 ynoxinuls (Lair:5)
  Eustachio (D:4)
  6 basilisks
  A golden eye (shapeshifter) (Lair:5)
  2 chaos spawn (Lair:5)
  3 humans (D:14)
  2 steam dragons
  11 vampire mosquitoes
  A redback (Lair:3)
  5 wargs
  An acid dragon (D:8)
  8 swamp worms
  9 small abominations (Lair:5)
  17 water moccasins
  A sky beast (D:8)
  6 ice beasts
  27 orc warriors
  A black bear (D:7)
  30 ogres
  18 wolves
  2 phantoms
  10 centaurs
  4 kobold brigands
  9 bullfrogs
  3 scorpions
  Dowan (D:6)
  31 killer bees
  9 electric eels
  2 howler monkeys
  2 jellies
  13 orc priests
  A hound (D:4)
  2 gnoll boudas (D:7)
  7 iguanas
  13 orc wizards
  6 hell rats
  7 adders
  9 gnolls
  2 shadow imps
  6 white imps
  An ufetubus (D:15)
  2 worms
  13 dart slugs
  68 orcs
  3 bats
  6 endoplasms
  9 giant cockroaches
  8 goblins
  8 hobgoblins
  2 jackals (D:2)
  A quokka (D:1)
  9 ball pythons
  6 frilled lizards
  33 kobolds
  6 rats
  A spectral hobgoblin (D:3)
  2 butterflies
731 creatures vanquished.

Vanquished Creatures (others)
  A deep elf pyromancer (D:15)
  2 orc warriors
3 creatures vanquished.

Grand Total: 734 creatures vanquished

Notes
Turn   | Place    | Note
-------+----------+-------------------------------------------
     0 | D:1      | qw the Gargoyle Fighter began the quest for the Orb.
     0 | D:1      | Reached XP level 1. HP: 14/14 MP: 1/1
     0 | D:1      | 0 ||| qw: Version: 0.3-a-40-ge99b1a8
     0 | D:1      | 0 ||| qw: Game counter: 658
     0 | D:1      | 0 ||| qw: Melee chars always use a shield: true
     0 | D:1      | 0 ||| qw: God list: Okawaru
     0 | D:1      | 0 ||| qw: Allow faded altars: false
     0 | D:1      | 0 ||| qw: Do Orc after clearing Dungeon:15 true
     0 | D:1      | 0 ||| qw: Do second Lair branch before Depths: true
     0 | D:1      | 0 ||| qw: Lair rune preference: random
     0 | D:1      | 0 ||| qw: Goals: Normal, Zot:1-4, Slime:5, God:TSO, Crypt,
                  | Tomb, Abyss, Pan, Hells, Win
     0 | D:1      | 0 ||| PLANNING D:1-11
    53 | D:1      | Reached skill level 2 in Axes
    79 | D:1      | 79 ||| FLEEEEING.
   103 | D:1      | Reached XP level 2. HP: 19/19 MP: 2/2
   186 | D:1      | 186 ||| Stepping ~*~*~tactically~*~*~ (stealth).
   189 | D:1      | 189 ||| Stepping ~*~*~tactically~*~*~ (stealth).
   190 | D:1      | 190 ||| Stepping ~*~*~tactically~*~*~ (stealth).
   350 | D:1      | Reached skill level 3 in Axes
   359 | D:1      | 359 ||| Stepping ~*~*~tactically~*~*~ (hiding).
   375 | D:1      | Reached XP level 3. HP: 23/23 MP: 3/3
   424 | D:1      | 424 ||| DROPPING +0 whip.
   677 | D:1      | 677 ||| Stepping ~*~*~tactically~*~*~ (stealth).
   684 | D:1      | 684 ||| Stepping ~*~*~tactically~*~*~ (stealth).
   685 | D:1      | 685 ||| Stepping ~*~*~tactically~*~*~ (stealth).
   758 | D:1      | 758 ||| UPGRADING to amulet of reflection.
   763 | D:1      | 763 ||| READING scroll labelled PESUKL JAALILY.
   764 | D:1      | 764 ||| READING scroll labelled JOBREUTOYQ.
   767 | D:1      | 767 ||| READING scroll labelled WOOR KUQIPRIA.
   768 | D:1      | 768 ||| READING scroll labelled HAOCKA UPLIT.
   838 | D:2      | 838 ||| Stepping ~*~*~tactically~*~*~ (stealth).
   839 | D:2      | 839 ||| Stepping ~*~*~tactically~*~*~ (stealth).
   864 | D:2      | 864 ||| Stepping ~*~*~tactically~*~*~ (hiding).
   865 | D:2      | 865 ||| Stepping ~*~*~tactically~*~*~ (hiding).
   912 | D:2      | 912 ||| Stepping ~*~*~tactically~*~*~ (stealth).
   913 | D:2      | 913 ||| Stepping ~*~*~tactically~*~*~ (stealth).
   933 | D:2      | Reached skill level 4 in Axes
   933 | D:2      | Reached XP level 4. HP: 26/28 MP: 4/4
  1019 | D:2      | 1019 ||| Stepping ~*~*~tactically~*~*~ (stealth).
  1427 | D:2      | Identified the +1 leather armour of the Eagle {Rampage
                  | Int+2 Dex+3}
  1461 | D:2      | 1461 ||| Stepping ~*~*~tactically~*~*~ (stealth).
  1704 | D:2      | 1704 ||| DROPPING +1 leather armour of the Eagle {Rampage
                  | Int+2 Dex+3}.
  1705 | D:2      | 1705 ||| READING scroll labelled FOUDEMAPIWOA.
  1706 | D:2      | 1706 ||| READING scroll labelled TUBUFU HIAT.
  1707 | D:2      | 1707 ||| READING scroll labelled PATZAGYCSI.
  1731 | D:3      | You fall into a shaft and drop 3 floors!
  1767 | D:5      | Entered Level 5 of the Dungeon
  1773 | D:5      | HP: 3/28 [iguana (6)]
  1775 | D:5      | Reached XP level 5. HP: 4/32 MP: 5/5
  1947 | D:5      | Reached skill level 5 in Axes
  2029 | D:5      | Reached XP level 6. HP: 38/38 MP: 6/6
  2084 | D:5      | 2084 ||| DROPPING +0 mace.
  2091 | D:5      | Found an iron altar of Okawaru.
  2102 | D:5      | 2102 ||| PLANNING OKAWARU WORSHIP
  2102 | D:5      | 2102 ||| READING 2 scrolls of identify.
  2102 | D:5      | 2102 ||| IDENTIFYING clear potion
  2117 | D:5      | Became a worshipper of Warmaster Okawaru
  2118 | D:5      | 2118 ||| PLANNING D:1-11
  2201 | D:5      | Reached skill level 1 in Dodging
  2242 | D:5      | 2242 ||| FLEEEEING.
  2243 | D:5      | 2243 ||| FLEEEEING.
  2244 | D:5      | 2244 ||| FLEEEEING.
  2245 | D:5      | 2245 ||| FLEEEEING.
  2246 | D:5      | 2246 ||| FLEEEEING.
  2247 | D:5      | 2247 ||| FLEEEEING.
  2248 | D:5      | 2248 ||| STAIRDANCE
  2304 | D:4      | Noticed Eustachio
  2306 | D:4      | 2306 ||| Stepping ~*~*~tactically~*~*~ (stealth).
  2309 | D:4      | 2309 ||| Stepping ~*~*~tactically~*~*~ (stealth).
  2357 | D:4      | Killed Eustachio
  2406 | D:4      | 2406 ||| Stepping ~*~*~tactically~*~*~ (stealth).
  2412 | D:4      | 2412 ||| Stepping ~*~*~tactically~*~*~ (stealth).
  2413 | D:4      | 2413 ||| Stepping ~*~*~tactically~*~*~ (stealth).
  2417 | D:4      | Reached skill level 6 in Axes
  2417 | D:4      | Reached XP level 7. HP: 36/43 MP: 7/7
  2502 | D:4      | 2502 ||| READING scroll labelled YRYORH GAHAXT.
  2505 | D:4      | 2505 ||| FLEEEEING.
  2506 | D:4      | 2506 ||| FLEEEEING.
  2507 | D:4      | 2507 ||| FLEEEEING.
  2508 | D:4      | 2508 ||| FLEEEEING.
  2509 | D:4      | 2509 ||| FLEEEEING.
  2510 | D:4      | 2510 ||| STAIRDANCE
  2511 | D:3      | Found Duvvock's Armour Shop.
  2513 | D:3      | Reached * piety under Okawaru
  2548 | D:3      | 2548 ||| BUYING +0 kite shield (49 gold).
  2548 | D:3      | Bought a +0 kite shield for 49 gold pieces
  2548 | D:3      | 2548 ||| BUYING +0 pair of boots (49 gold).
  2548 | D:3      | Bought a +0 pair of boots for 49 gold pieces
  2548 | D:3      | 2548 ||| BUYING +1 hat (121 gold).
  2548 | D:3      | Bought a +1 hat for 121 gold pieces
  2602 | D:3      | 2602 ||| Stepping ~*~*~tactically~*~*~ (hiding).
  2604 | D:3      | 2604 ||| Stepping ~*~*~tactically~*~*~ (hiding).
  2610 | D:3      | 2610 ||| Stepping ~*~*~tactically~*~*~ (hiding).
  2719 | D:3      | 2719 ||| Stepping ~*~*~tactically~*~*~ (hiding).
  2863 | D:3      | 2863 ||| Stepping ~*~*~tactically~*~*~ (hiding).
  2868 | D:3      | 2868 ||| Stepping ~*~*~tactically~*~*~ (hiding).
  2907 | D:3      | 2907 ||| Stepping ~*~*~tactically~*~*~ (hiding).
  3065 | D:3      | Found a hazy altar of Hepliaklqana.
  3111 | D:3      | 3111 ||| Stepping ~*~*~tactically~*~*~ (stealth).
  3136 | D:3      | 3136 ||| Stepping ~*~*~tactically~*~*~ (hiding).
  3137 | D:3      | 3137 ||| Stepping ~*~*~tactically~*~*~ (hiding).
  3161 | D:3      | 3161 ||| Stepping ~*~*~tactically~*~*~ (stealth).
  3174 | D:3      | 3174 ||| FLEEEEING.
  3175 | D:3      | 3175 ||| FLEEEEING.
  3176 | D:3      | 3176 ||| FLEEEEING.
  3177 | D:3      | 3177 ||| FLEEEEING.
  3178 | D:3      | 3178 ||| FLEEEEING.
  3179 | D:3      | 3179 ||| FLEEEEING.
  3180 | D:3      | 3180 ||| FLEEEEING.
  3181 | D:3      | 3181 ||| FLEEEEING.
  3182 | D:3      | 3182 ||| FLEEEEING.
  3183 | D:3      | 3183 ||| FLEEEEING.
  3184 | D:3      | 3184 ||| FLEEEEING.
  3185 | D:3      | 3185 ||| FLEEEEING.
  3221 | D:3      | 3221 ||| Stepping ~*~*~tactically~*~*~ (stealth).
  3222 | D:3      | 3222 ||| Stepping ~*~*~tactically~*~*~ (stealth).
  3229 | D:3      | Found a hide-covered altar of Uskayaw.
  3281 | D:3      | Found a burning altar of Makhleb.
  3523 | D:3      | 3523 ||| UPGRADING to +0 kite shield.
  3533 | D:3      | 3533 ||| DROPPING +0 buckler.
  3534 | D:3      | 3534 ||| UPGRADING to +0 pair of boots.
  3539 | D:3      | 3539 ||| UPGRADING to +1 hat.
  3544 | D:3      | 3544 ||| READING scroll labelled FUUGAA YNUOX.
  3575 | D:3      | 3575 ||| DRINKING 2 green potions.
  3576 | D:3      | 3576 ||| READING 3 scrolls of identify.
  3576 | D:3      | 3576 ||| IDENTIFYING murky blue potion
  3577 | D:3      | 3577 ||| READING 2 scrolls of identify.
  3577 | D:3      | 3577 ||| IDENTIFYING blue potion
  3578 | D:3      | 3578 ||| DROPPING potion of degeneration.
  3700 | D:4      | 3700 ||| INVOKING Heroism.
  3908 | D:4      | 3908 ||| Stepping ~*~*~tactically~*~*~ (stealth).
  3926 | D:4      | Reached skill level 1 in Invocations
  4319 | D:5      | 4319 ||| Stepping ~*~*~tactically~*~*~ (stealth).
  4322 | D:5      | 4322 ||| INVOKING Heroism.
  4348 | D:5      | Identified the +7 scale mail of Makhleb, Bashing {rN+
                  | rCorr}
  4417 | D:5      | 4417 ||| INVOKING Heroism.
  4422 | D:5      | Reached XP level 8. HP: 48/48 MP: 5/8
  4621 | D:5      | 4621 ||| UPGRADING to +7 scale mail of Makhleb, Bashing
                  | {rN+ rCorr}.
  4631 | D:5      | 4631 ||| DROPPING +0 scale mail.
  4651 | D:6      | 4651 ||| INVOKING Heroism.
  4665 | D:6      | Reached skill level 6 in Shields
  4768 | D:6      | 4768 ||| Stepping ~*~*~tactically~*~*~ (hiding).
  4771 | D:6      | 4771 ||| INVOKING Heroism.
  4778 | D:6      | Reached skill level 3 in Invocations
  4981 | D:6      | 4981 ||| INVOKING Heroism.
  5053 | D:6      | Found a bloodstained altar of Trog.
  5057 | D:6      | Noticed Dowan
  5058 | D:6      | 5058 ||| INVOKING Heroism.
  5065 | D:6      | 5065 ||| DRINKING 2 pink potions.
  5067 | D:6      | 5067 ||| DROPPING potion of invisibility.
  5068 | D:6      | 5068 ||| Stepping ~*~*~tactically~*~*~ (hiding).
  5069 | D:6      | 5069 ||| Stepping ~*~*~tactically~*~*~ (hiding).
  5077 | D:6      | 5077 ||| INVOKING Heroism.
  5091 | D:6      | Killed Dowan
  5092 | D:6      | Reached skill level 7 in Axes
  5092 | D:6      | Noticed Duvessa
  5093 | D:6      | 5093 ||| Stepping ~*~*~tactically~*~*~ (stealth).
  5121 | D:6      | Found an ancient bone altar of Kikubaaqudgha.
  5121 | D:6      | Found a stormy altar of Qazlal.
  5129 | D:6      | Found a faded altar of an unknown god.
  5130 | D:6      | Noticed Grinder
  5131 | D:6      | 5131 ||| INVOKING Heroism.
  5135 | D:6      | Paralysed by Grinder for 4 turns
  5142 | D:6      | Killed Grinder
  5150 | D:6      | Found a basalt altar of Yredelemnul.
  5152 | D:6      | Found a faded altar of an unknown god.
  5161 | D:6      | 5161 ||| UPGRADING to +2 pair of gloves.
  5215 | D:6      | 5215 ||| INVOKING Heroism.
  5242 | D:6      | Found a sparkling altar of Nemelex Xobeh.
  5265 | D:6      | Found a shimmering blue altar of Sif Muna.
  5518 | D:7      | Reached XP level 9. HP: 54/54 MP: 11/11
  5565 | D:7      | Found a staircase to the Ecumenical Temple.
  5607 | D:7      | 5607 ||| Stepping ~*~*~tactically~*~*~ (hiding).
  5610 | D:7      | 5610 ||| Stepping ~*~*~tactically~*~*~ (hiding).
  5613 | D:7      | 5613 ||| INVOKING Heroism.
  5637 | D:7      | 5637 ||| DRINKING 2 potions of curing.
  5637 | D:7      | 5637 ||| (to cure confusion)
  5671 | D:7      | Reached skill level 8 in Axes
  5814 | D:7      | Noticed Prince Ribbit
  5815 | D:7      | 5815 ||| INVOKING Heroism.
  5830 | D:7      | Killed Prince Ribbit
  5841 | D:7      | Found a snail-covered altar of Cheibriados.
  5895 | D:7      | 5895 ||| INVOKING Heroism.
  5907 | D:7      | Reached skill level 6 in Fighting
  5924 | D:7      | 5924 ||| INVOKING Heroism.
  6019 | D:7      | 6019 ||| Stepping ~*~*~tactically~*~*~ (hiding).
  6020 | D:7      | 6020 ||| Stepping ~*~*~tactically~*~*~ (hiding).
  6023 | D:7      | 6023 ||| Stepping ~*~*~tactically~*~*~ (hiding).
  6026 | D:7      | 6026 ||| INVOKING Heroism.
  6472 | D:8      | Found a staircase to the Lair.
  6512 | D:8      | Noticed a hornet
  6530 | D:8      | Killed a hornet
  6586 | D:8      | 6586 ||| Stepping ~*~*~tactically~*~*~ (hiding).
  6654 | D:8      | 6654 ||| INVOKING Heroism.
  6666 | D:8      | 6666 ||| Stepping ~*~*~tactically~*~*~ (stealth).
  6667 | D:8      | 6667 ||| Stepping ~*~*~tactically~*~*~ (stealth).
  6674 | D:8      | 6674 ||| Stepping ~*~*~tactically~*~*~ (stealth).
  6692 | D:8      | Noticed a two-headed ogre
  6693 | D:8      | 6693 ||| INVOKING Heroism.
  6697 | D:8      | Reached XP level 10. HP: 58/60 MP: 10/13
  6704 | D:8      | Killed a two-headed ogre
  6704 | D:8      | Reached ** piety under Okawaru
  6705 | D:8      | Reached skill level 9 in Axes
  6793 | D:8      | 6793 ||| Stepping ~*~*~tactically~*~*~ (stealth).
  6807 | D:8      | 6807 ||| Stepping ~*~*~tactically~*~*~ (stealth).
  6833 | D:8      | 6833 ||| Stepping ~*~*~tactically~*~*~ (stealth).
  6857 | D:8      | 6857 ||| Stepping ~*~*~tactically~*~*~ (stealth).
  6860 | D:8      | 6860 ||| Stepping ~*~*~tactically~*~*~ (hiding).
  6862 | D:8      | 6862 ||| Stepping ~*~*~tactically~*~*~ (hiding).
  6868 | D:8      | 6868 ||| Stepping ~*~*~tactically~*~*~ (stealth).
  6872 | D:8      | 6872 ||| Stepping ~*~*~tactically~*~*~ (stealth).
  6882 | D:8      | 6882 ||| Stepping ~*~*~tactically~*~*~ (stealth).
  6883 | D:8      | 6883 ||| Stepping ~*~*~tactically~*~*~ (hiding).
  6884 | D:8      | 6884 ||| Stepping ~*~*~tactically~*~*~ (hiding).
  6979 | D:8      | 6979 ||| INVOKING Heroism.
  7200 | D:8      | 7200 ||| Stepping ~*~*~tactically~*~*~ (hiding).
  7362 | D:8      | Noticed a centaur warrior
  7378 | D:8      | Killed a centaur warrior
  7379 | D:8      | Reached skill level 9 in Shields
  7518 | D:8      | 7518 ||| PLANNING LAIR
  7518 | D:8      | 7518 ||| UPGRADING to +2 hat of willpower.
  7528 | D:8      | 7528 ||| DROPPING +1 hat.
  7529 | D:8      | 7529 ||| READING scroll labelled ROPAUNGEIHOU.
  7530 | D:8      | 7530 ||| READING scroll labelled GESUENL HUOQEROA.
  7554 | Lair:1   | Entered Level 1 of the Lair of Beasts
  7569 | Lair:1   | Reached *** piety under Okawaru
  7585 | Lair:1   | Reached skill level 10 in Axes
  7882 | Lair:1   | 7882 ||| INVOKING Heroism.
  7883 | Lair:1   | Noticed a black mamba
  7893 | Lair:1   | Killed a black mamba
  7894 | Lair:1   | Reached XP level 11. HP: 57/68 MP: 12/14
  7958 | Lair:1   | 7958 ||| INVOKING Heroism.
  8016 | Lair:1   | 8016 ||| Stepping ~*~*~tactically~*~*~ (hiding).
  8163 | Lair:1   | 8163 ||| INVOKING Heroism.
  8371 | Lair:1   | 8371 ||| Stepping ~*~*~tactically~*~*~ (stealth).
  8389 | Lair:1   | Reached **** piety under Okawaru
  8393 | Lair:1   | 8393 ||| INVOKING Heroism.
  8402 | Lair:1   | Reached skill level 11 in Axes
  8412 | Lair:1   | 8412 ||| INVOKING Heroism.
  8422 | Lair:1   | Received a gift from Okawaru
  8423 | Lair:1   | HP: 16/68 [elephant (7)]
  8424 | Lair:1   | 8424 ||| READING 2 scrolls of teleportation.
  8446 | Lair:1   | 8446 ||| INVOKING Heroism.
  8449 | Lair:1   | 8449 ||| FLEEEEING.
  8450 | Lair:1   | 8450 ||| FLEEEEING.
  8451 | Lair:1   | 8451 ||| FLEEEEING.
  8452 | Lair:1   | 8452 ||| FLEEEEING.
  8797 | Lair:1   | 8797 ||| READING 2 scrolls labelled FAKHLA IFUASMOT.
  8798 | Lair:1   | 8798 ||| DROPPING scroll of immolation.
  8814 | Lair:2   | Noticed Maggie
  8821 | Lair:2   | 8821 ||| STAIRDANCE
  8879 | Lair:2   | 8879 ||| INVOKING Heroism.
  8884 | Lair:2   | Killed Maggie
  8972 | Lair:2   | 8972 ||| SWAPPING to +0 broad axe.
  8973 | Lair:2   | 8973 ||| DROPPING +0 war axe.
  9037 | Lair:2   | 9037 ||| INVOKING Heroism.
  9050 | Lair:2   | Reached skill level 9 in Fighting
  9060 | Lair:2   | Noticed a four-headed hydra
  9061 | Lair:2   | 9061 ||| Stepping ~*~*~tactically~*~*~ (stealth).
  9062 | Lair:2   | 9062 ||| Stepping ~*~*~tactically~*~*~ (stealth).
  9064 | Lair:2   | 9064 ||| Stepping ~*~*~tactically~*~*~ (stealth).
  9068 | Lair:2   | 9068 ||| SWAPPING to +0 flail.
  9070 | Lair:2   | 9070 ||| INVOKING Heroism.
  9082 | Lair:2   | Killed a four-headed hydra
  9083 | Lair:2   | 9083 ||| SWAPPING to +0 broad axe.
  9207 | Lair:2   | 9207 ||| INVOKING Heroism.
  9223 | Lair:2   | Reached skill level 6 in Invocations
  9278 | Lair:2   | 9278 ||| INVOKING Heroism.
  9391 | Lair:2   | 9391 ||| INVOKING Heroism.
  9424 | Lair:2   | Reached XP level 12. HP: 76/76 MP: 17/17
  9429 | Lair:2   | 9429 ||| INVOKING Heroism.
  9499 | Lair:2   | Noticed a death yak
  9499 | Lair:2   | Noticed a death yak
  9500 | Lair:2   | 9500 ||| INVOKING Heroism.
  9500 | Lair:2   | Noticed a death yak
  9501 | Lair:2   | Noticed a death yak
  9501 | Lair:2   | 9501 ||| Stepping ~*~*~tactically~*~*~ (stealth).
  9512 | Lair:2   | Noticed a death yak
  9514 | Lair:2   | Killed a death yak
  9521 | Lair:2   | Killed a death yak
  9533 | Lair:2   | Killed a death yak
  9536 | Lair:2   | Killed a death yak
  9536 | Lair:2   | Reached ***** piety under Okawaru
  9537 | Lair:2   | 9537 ||| INVOKING Finesse.
  9541 | Lair:2   | 9541 ||| INVOKING Heroism.
  9548 | Lair:2   | Killed a death yak
  9549 | Lair:2   | Reached skill level 12 in Axes
  9770 | Lair:2   | 9770 ||| INVOKING Heroism.
  9790 | Lair:2   | 9790 ||| INVOKING Heroism.
  9989 | Lair:2   | 9989 ||| INVOKING Heroism.
 10001 | Lair:2   | Reached skill level 9 in Invocations
 10198 | Lair:2   | 10198 ||| Stepping ~*~*~tactically~*~*~ (hiding).
 10700 | Lair:2   | 10700 ||| UPGRADING to +4 ring of protection.
 10731 | Lair:3   | 10731 ||| INVOKING Heroism.
 10759 | Lair:3   | Reached skill level 3 in Throwing
 10886 | Lair:3   | 10886 ||| Stepping ~*~*~tactically~*~*~ (stealth).
 10894 | Lair:3   | 10894 ||| INVOKING Heroism.
 11129 | Lair:3   | Noticed Urug
 11130 | Lair:3   | 11130 ||| Stepping ~*~*~tactically~*~*~ (hiding).
 11131 | Lair:3   | 11131 ||| Stepping ~*~*~tactically~*~*~ (stealth).
 11132 | Lair:3   | 11132 ||| Stepping ~*~*~tactically~*~*~ (stealth).
 11137 | Lair:3   | 11137 ||| INVOKING Heroism.
 11160 | Lair:3   | Killed Urug
 11403 | Lair:3   | Found a hole to the Spider Nest.
 11840 | Lair:3   | Found a staircase to the Swamp.
 11841 | Lair:3   | 11841 ||| Stepping ~*~*~tactically~*~*~ (hiding).
 11846 | Lair:3   | 11846 ||| INVOKING Heroism.
 11858 | Lair:3   | Reached XP level 13. HP: 49/82 MP: 18/20
 11865 | Lair:3   | HP: 13/82 [tyrant leech (20)]
 11866 | Lair:3   | 11866 ||| READING scroll of teleportation.
 12113 | Lair:3   | 12113 ||| Stepping ~*~*~tactically~*~*~ (stealth).
 12123 | Lair:3   | 12123 ||| INVOKING Heroism.
 12172 | Lair:3   | 12172 ||| INVOKING Heroism.
 12603 | Lair:3   | 12603 ||| READING scroll labelled UNUIRUWOCH.
 12604 | Lair:3   | 12604 ||| READING 10 scrolls of identify.
 12604 | Lair:3   | 12604 ||| IDENTIFYING metallic dark potion
 12708 | Lair:4   | 12708 ||| Stepping ~*~*~tactically~*~*~ (hiding).
 12889 | Lair:4   | 12889 ||| Stepping ~*~*~tactically~*~*~ (stealth).
 12912 | Lair:4   | 12912 ||| INVOKING Heroism.
 12951 | Lair:4   | 12951 ||| Stepping ~*~*~tactically~*~*~ (stealth).
 12953 | Lair:4   | 12953 ||| INVOKING Finesse.
 12954 | Lair:4   | Found a viscous altar of Jiyva.
 12954 | Lair:4   | Found a staircase to the Slime Pits.
 13235 | Lair:4   | 13235 ||| Stepping ~*~*~tactically~*~*~ (stealth).
 13338 | Lair:4   | 13338 ||| Stepping ~*~*~tactically~*~*~ (hiding).
 13838 | Lair:4   | 13838 ||| UPGRADING to +5 ring of evasion.
 13839 | Lair:4   | 13839 ||| READING scroll labelled XAULUU JUPNURGH.
 13940 | Lair:4   | 13940 ||| READING 2 scrolls labelled CIOSCH OSTUFYN.
 13941 | Lair:4   | 13941 ||| READING scroll of enchant weapon.
 13941 | Lair:4   | 13941 ||| ENCHANTING +1 broad axe.
 13942 | Lair:4   | 13942 ||| READING scroll labelled JEUROO NYUF.
 13981 | Lair:5   | Entered Level 5 of the Lair of Beasts
 14037 | Lair:5   | 14037 ||| INVOKING Heroism.
 14041 | Lair:5   | Reached skill level 13 in Axes
 14095 | Lair:5   | Received a gift from Okawaru
 14096 | Lair:5   | 14096 ||| INVOKING Heroism.
 14098 | Lair:5   | Reached skill level 6 in Armour
 14143 | Lair:5   | 14143 ||| Stepping ~*~*~tactically~*~*~ (hiding).
 14151 | Lair:5   | 14151 ||| INVOKING Heroism.
 14173 | Lair:5   | 14173 ||| Stepping ~*~*~tactically~*~*~ (stealth).
 14175 | Lair:5   | 14175 ||| Stepping ~*~*~tactically~*~*~ (stealth).
 14260 | Lair:5   | 14260 ||| INVOKING Heroism.
 14364 | Lair:5   | 14364 ||| FLEEEEING.
 14440 | Lair:5   | 14440 ||| Stepping ~*~*~tactically~*~*~ (stealth).
 14484 | Lair:5   | 14484 ||| INVOKING Heroism.
 14494 | Lair:5   | Reached skill level 14 in Axes
 14582 | Lair:5   | 14582 ||| Stepping ~*~*~tactically~*~*~ (hiding).
 14597 | Lair:5   | 14597 ||| INVOKING Heroism.
 14759 | Lair:5   | 14759 ||| Stepping ~*~*~tactically~*~*~ (stealth).
 14762 | Lair:5   | Found a corrupted altar of Lugonu.
 14762 | Lair:5   | Found a one-way gate to the infinite horrors of the Abyss.
 14982 | Lair:5   | 14982 ||| INVOKING Heroism.
 14985 | Lair:5   | 14985 ||| INVOKING Finesse.
 14993 | Lair:5   | Received a gift from Okawaru
 14994 | Lair:5   | Reached skill level 3 in Dodging
 15000 | Lair:5   | Gained mutation: Your large and strong wings let you fly.
                  | [Gargoyle growth]
 15000 | Lair:5   | Reached XP level 14. HP: 90/90 MP: 14/21
 15027 | Lair:5   | Reached skill level 12 in Shields
 15062 | Lair:5   | Found a runed translucent door.
 15063 | Lair:5   | Noticed qw's ghost (journeyman MiHu)
 15092 | Lair:5   | Received a gift from Okawaru
 15813 | Lair:5   | 15813 ||| PLANNING D:1-11
 16050 | D:9      | Noticed Harold
 16063 | D:9      | Killed Harold
 16294 | D:9      | 16294 ||| INVOKING Heroism.
 16295 | D:9      | 16295 ||| INVOKING Finesse.
 16437 | D:9      | 16437 ||| INVOKING Heroism.
 16438 | D:9      | 16438 ||| INVOKING Finesse.
 16546 | D:9      | Found an opulent altar of Gozag.
 16852 | D:9      | 16852 ||| DROPPING +6 ring of intelligence.
 16872 | D:10     | Entered Level 10 of the Dungeon
 16876 | D:10     | 16876 ||| Stepping ~*~*~tactically~*~*~ (stealth).
 16890 | D:10     | 16890 ||| INVOKING Heroism.
 16905 | D:10     | Received a gift from Okawaru
 17125 | D:10     | 17125 ||| READING scroll of enchant armour.
 17125 | D:10     | 17125 ||| ENCHANTING +0 pair of boots.
 17157 | D:10     | 17157 ||| Stepping ~*~*~tactically~*~*~ (stealth).
 17235 | D:10     | 17235 ||| Stepping ~*~*~tactically~*~*~ (cloud).
 17488 | D:10     | Found a shadowy altar of Dithmenos.
 17522 | D:10     | Found an ornate altar of the Wu Jian Council.
 17530 | D:10     | Noticed Fannar
 17546 | D:10     | 17546 ||| INVOKING Heroism.
 17550 | D:10     | HP: 16/90 [Fannar/bolt of cold (31)]
 17551 | D:10     | 17551 ||| READING 6 scrolls of teleportation.
 17554 | D:10     | Killed Fannar
 18083 | D:10     | 18083 ||| INVOKING Heroism.
 18089 | D:10     | Reached skill level 6 in Throwing
 18098 | D:10     | Reached skill level 15 in Axes
 18315 | D:10     | 18315 ||| DROPPING +2 hat.
 18316 | D:10     | 18316 ||| READING 9 scrolls of identify.
 18316 | D:10     | 18316 ||| IDENTIFYING viscous clear potion
 18317 | D:10     | 18317 ||| DROPPING potion of brilliance.
 18439 | D:11     | 18439 ||| Stepping ~*~*~tactically~*~*~ (stealth).
 18619 | D:11     | 18619 ||| Stepping ~*~*~tactically~*~*~ (stealth).
 18678 | D:11     | 18678 ||| INVOKING Heroism.
 18679 | D:11     | 18679 ||| INVOKING Finesse.
 18703 | D:11     | 18703 ||| Stepping ~*~*~tactically~*~*~ (stealth).
 18770 | D:11     | 18770 ||| Stepping ~*~*~tactically~*~*~ (stealth).
 18775 | D:11     | 18775 ||| Stepping ~*~*~tactically~*~*~ (hiding).
 18800 | D:11     | 18800 ||| DROPPING +0 flail.
 18801 | D:11     | Found a staircase to the Orcish Mines.
 18991 | D:11     | 18991 ||| Stepping ~*~*~tactically~*~*~ (hiding).
 19067 | D:11     | 19067 ||| PLANNING D
 19086 | D:12     | 19086 ||| Stepping ~*~*~tactically~*~*~ (stealth).
 19091 | D:12     | 19091 ||| INVOKING Heroism.
 19100 | D:12     | Received a gift from Okawaru
 19140 | D:12     | 19140 ||| FLEEEEING.
 19142 | D:12     | 19142 ||| STAIRDANCE
 19290 | D:12     | Reached skill level 12 in Fighting
 19291 | D:12     | 19291 ||| INVOKING Heroism.
 19300 | D:12     | Received a gift from Okawaru
 19728 | D:12     | 19728 ||| Stepping ~*~*~tactically~*~*~ (stealth).
 19831 | D:12     | 19831 ||| INVOKING Heroism.
 19832 | D:12     | 19832 ||| INVOKING Finesse.
 20356 | D:12     | 20356 ||| Stepping randomly (disturbance).
 20386 | D:12     | 20386 ||| DROPPING amulet of regeneration.
 20387 | D:12     | 20387 ||| READING 10 scrolls of identify.
 20387 | D:12     | 20387 ||| IDENTIFYING puce potion
 20412 | D:13     | 20412 ||| STAIRDANCE
 20414 | D:12     | 20414 ||| INVOKING Heroism.
 20420 | D:12     | Reached XP level 15. HP: 38/96 MP: 19/22
 20718 | D:13     | 20718 ||| Stepping ~*~*~tactically~*~*~ (hiding).
 20728 | D:13     | 20728 ||| INVOKING Heroism.
 20739 | D:13     | HP: 21/96 [death knight/+4 glaive of freezing (19)]
 20740 | D:13     | 20740 ||| READING 6 scrolls of teleportation.
 20741 | D:13     | 20741 ||| DRINKING 2 potions of heal wounds.
 20973 | D:13     | 20973 ||| INVOKING Heroism.
 20974 | D:13     | 20974 ||| SWAPPING to +0 morningstar.
 20983 | D:13     | 20983 ||| SWAPPING to +2 broad axe.
 21484 | D:13     | Reached skill level 16 in Axes
 21642 | D:13     | Found a bloodstained altar of Trog.
 21868 | D:14     | 21868 ||| Stepping ~*~*~tactically~*~*~ (stealth).
 21869 | D:14     | 21869 ||| Stepping ~*~*~tactically~*~*~ (stealth).
 21870 | D:14     | 21870 ||| Stepping ~*~*~tactically~*~*~ (stealth).
 22002 | D:14     | Identified the +1 scale mail of Egalitarianism {-Cast
                  | Regen+ Dex+5} (Okawaru gifted it to you on level 14 of the
                  | Dungeon)
 22002 | D:14     | Received a gift from Okawaru
 22014 | D:14     | 22014 ||| INVOKING Heroism.
 22226 | D:14     | 22226 ||| Stepping ~*~*~tactically~*~*~ (stealth).
 22256 | D:14     | Noticed qw's ghost (journeyman GrFi)
 22270 | D:14     | 22270 ||| Stepping ~*~*~tactically~*~*~ (hiding).
 22271 | D:14     | 22271 ||| Stepping ~*~*~tactically~*~*~ (hiding).
 22273 | D:14     | 22273 ||| Stepping ~*~*~tactically~*~*~ (hiding).
 22274 | D:14     | 22274 ||| INVOKING Heroism.
 22289 | D:14     | 22289 ||| Stepping ~*~*~tactically~*~*~ (hiding).
 22290 | D:14     | 22290 ||| Stepping ~*~*~tactically~*~*~ (hiding).
 22294 | D:14     | 22294 ||| Stepping ~*~*~tactically~*~*~ (hiding).
 22295 | D:14     | 22295 ||| Stepping ~*~*~tactically~*~*~ (hiding).
 22327 | D:14     | Found a gate to the Vaults.
 22504 | D:14     | 22504 ||| INVOKING Heroism.
 22652 | D:14     | Identified the +8 sling "Noyck" {drain, rPois Dex+8}
 22691 | D:14     | 22691 ||| Stepping ~*~*~tactically~*~*~ (hiding).
 22696 | D:14     | 22696 ||| Stepping ~*~*~tactically~*~*~ (hiding).
 22839 | D:14     | Reached skill level 17 in Axes
 22940 | D:14     | Found a runed translucent gate.
 22941 | D:14     | Found a runed translucent gate.
 22943 | D:14     | Found a runed translucent gate.
 22976 | D:14     | 22976 ||| INVOKING Heroism.
 22977 | D:14     | 22977 ||| READING 6 scrolls of teleportation.
 23029 | D:14     | 23029 ||| Stepping ~*~*~tactically~*~*~ (stealth).
 23031 | D:14     | 23031 ||| Stepping ~*~*~tactically~*~*~ (stealth).
 23034 | D:14     | 23034 ||| Stepping ~*~*~tactically~*~*~ (stealth).
 23037 | D:14     | 23037 ||| Stepping ~*~*~tactically~*~*~ (stealth).
 23103 | D:14     | 23103 ||| Stepping ~*~*~tactically~*~*~ (hiding).
 23530 | D:14     | 23530 ||| UPGRADING to +0 tower shield of reflection.
 23540 | D:14     | 23540 ||| DROPPING +0 kite shield.
 23541 | D:14     | 23541 ||| READING 11 scrolls of identify.
 23541 | D:14     | 23541 ||| IDENTIFYING metallic pink potion
 23561 | D:15     | Entered Level 15 of the Dungeon
 23562 | D:15     | Identified the staff "Ceduima" {rPois Str+2 Poison}
 23603 | D:15     | Found a staircase to the Depths.
 23604 | D:15     | 23604 ||| INVOKING Heroism.
 23797 | D:15     | 23797 ||| Stepping ~*~*~tactically~*~*~ (cloud).
 23996 | D:15     | 23996 ||| Stepping ~*~*~tactically~*~*~ (stealth).
 23998 | D:15     | 23998 ||| Stepping ~*~*~tactically~*~*~ (stealth).
 23999 | D:15     | 23999 ||| Stepping ~*~*~tactically~*~*~ (hiding).
 24000 | D:15     | 24000 ||| Stepping ~*~*~tactically~*~*~ (hiding).
 24001 | D:15     | 24001 ||| Stepping ~*~*~tactically~*~*~ (hiding).
 24020 | D:15     | 24020 ||| INVOKING Heroism.
 24025 | D:15     | Received a gift from Okawaru
 24120 | D:15     | 24120 ||| Stepping ~*~*~tactically~*~*~ (stealth).
 24122 | D:15     | 24122 ||| Stepping ~*~*~tactically~*~*~ (stealth).
 24219 | D:15     | 24219 ||| INVOKING Heroism.
 24330 | D:15     | 24330 ||| Stepping ~*~*~tactically~*~*~ (hiding).
 24331 | D:15     | 24331 ||| Stepping ~*~*~tactically~*~*~ (hiding).
 24517 | D:15     | 24517 ||| Stepping ~*~*~tactically~*~*~ (hiding).
 24532 | D:15     | 24532 ||| INVOKING Heroism.
 24678 | D:15     | Found Myos's Jewellery Shoppe.
 24681 | D:15     | 24681 ||| BUYING amulet of faith (480 gold).
 24681 | D:15     | Bought an amulet of faith for 480 gold pieces
 24681 | D:15     | 24681 ||| BUYING ring of Danicline {rPois rN+++ rCorr Dex-4
                  | Slay+3} (693 gold).
 24681 | D:15     | Bought the ring of Danicline {rPois rN+++ rCorr Dex-4
                  | Slay+3} for 693 gold pieces
 24681 | D:15     | 24681 ||| SHOPLISTING ring of fire (300 gold, have 143).
 24682 | D:15     | 24682 ||| PLANNING ORC
 24682 | D:15     | 24682 ||| UPGRADING to +2 cloak.
 24687 | D:15     | 24687 ||| UPGRADING to amulet of faith.
 24697 | D:15     | 24697 ||| DROPPING ring of resist corrosion.
 24698 | D:15     | 24698 ||| DROPPING ring of wizardry.
 24779 | Orc:1    | Entered Level 1 of the Orcish Mines
 24841 | Orc:1    | Found Vemolaet's Antique Weapon Boutique.
 24850 | Orc:1    | 24850 ||| BUYING runed broad axe (189 gold).
 24850 | Orc:1    | Bought a runed broad axe for 189 gold pieces
 24850 | Orc:1    | 24850 ||| SHOPLISTING runed flail (175 gold, have 74).
 24850 | Orc:1    | 24850 ||| SWAPPING to +0 vampiric broad axe.
 24913 | Orc:2    | Entered Level 2 of the Orcish Mines
 24920 | Orc:2    | Received a gift from Okawaru
 24920 | Orc:2    | Noticed Jorgrun
 24921 | Orc:2    | 24921 ||| INVOKING Heroism.
 24938 | Orc:2    | Killed Jorgrun
 24939 | Orc:2    | Reached XP level 16. HP: 87/103 MP: 23/23
 25123 | Orc:1    | 25123 ||| INVOKING Heroism.
 25225 | Orc:1    | 25225 ||| Stepping ~*~*~tactically~*~*~ (stealth).
 25226 | Orc:1    | 25226 ||| Stepping ~*~*~tactically~*~*~ (stealth).
 25227 | Orc:1    | 25227 ||| Stepping ~*~*~tactically~*~*~ (stealth).
 25228 | Orc:1    | 25228 ||| Stepping ~*~*~tactically~*~*~ (stealth).
 25229 | Orc:1    | 25229 ||| Stepping ~*~*~tactically~*~*~ (stealth).
 25458 | Orc:1    | 25458 ||| UPGRADING to +1 plate armour of cold resistance.
 25468 | Orc:1    | 25468 ||| DROPPING +0 plate armour.
 25497 | Orc:2    | Found a staircase to the Elven Halls.
 25604 | Orc:2    | 25604 ||| Stepping ~*~*~tactically~*~*~ (stealth).
 25606 | Orc:2    | 25606 ||| Stepping ~*~*~tactically~*~*~ (stealth).
 25635 | Orc:2    | 25635 ||| Stepping ~*~*~tactically~*~*~ (stealth).
 25638 | Orc:2    | 25638 ||| INVOKING Heroism.
 25639 | Orc:2    | 25639 ||| Stepping ~*~*~tactically~*~*~ (stealth).
 25663 | Orc:2    | 25663 ||| Stepping ~*~*~tactically~*~*~ (hiding).
 25664 | Orc:2    | 25664 ||| Stepping ~*~*~tactically~*~*~ (hiding).
 25686 | Orc:2    | 25686 ||| INVOKING Heroism.
 25703 | Orc:2    | Reached skill level 9 in Armour
 25709 | Orc:2    | Reached skill level 15 in Shields
 25712 | Orc:2    | Received a gift from Okawaru
 25716 | Orc:2    | 25716 ||| Stepping ~*~*~tactically~*~*~ (hiding).
 25744 | Orc:2    | 25744 ||| INVOKING Heroism.
 25754 | Orc:2    | Received a gift from Okawaru
 25770 | Orc:2    | Found Teub's General Store.
 25770 | Orc:2    | Found Hicroromm's Magic Scroll Boutique.
 25780 | Orc:2    | Found Ypnec's General Store.
 25782 | Orc:2    | 25782 ||| BUYING scroll of enchant weapon (120 gold).
 25782 | Orc:2    | Bought a scroll of enchant weapon for 120 gold pieces
 25782 | Orc:2    | 25782 ||| BUYING scroll of teleportation (48 gold).
 25782 | Orc:2    | Bought a scroll of teleportation for 48 gold pieces
 25782 | Orc:2    | 25782 ||| BUYING scroll of teleportation (48 gold).
 25782 | Orc:2    | Bought a scroll of teleportation for 48 gold pieces
 25782 | Orc:2    | 25782 ||| READING scroll of enchant weapon.
 25782 | Orc:2    | 25782 ||| ENCHANTING +0 vampiric broad axe.
 25788 | Orc:2    | 25788 ||| BUYING potion of cancellation (136 gold).
 25788 | Orc:2    | Bought a potion of cancellation for 136 gold pieces
 25790 | Orc:2    | Found Gayduado's Assorted Antiques.
 25799 | Orc:2    | 25799 ||| SHOPLISTING potion of lignification (108 gold,
                  | have 97).
 25799 | Orc:2    | 25799 ||| BUYING red potion (32 gold).
 25799 | Orc:2    | Bought a red potion for 32 gold pieces
 25799 | Orc:2    | 25799 ||| SHOPLISTING short silver wand (144 gold, have
                  | 65).
 25799 | Orc:2    | 25799 ||| SHOPLISTING translucent tin amulet (180 gold,
                  | have 65).
 25865 | Orc:2    | 25865 ||| INVOKING Heroism.
 25920 | Orc:2    | 25920 ||| Stepping ~*~*~tactically~*~*~ (hiding).
 25922 | Orc:2    | 25922 ||| Stepping ~*~*~tactically~*~*~ (stealth).
 25940 | Orc:2    | 25940 ||| INVOKING Heroism.
 25970 | Orc:2    | 25970 ||| INVOKING Heroism.
 26026 | Orc:2    | 26026 ||| SWAPPING to +3 broad axe of flaming.
 26027 | Orc:2    | 26027 ||| DROPPING +0 morningstar.
 26028 | Orc:2    | 26028 ||| DROPPING +2 broad axe.
 26324 | Orc:2    | 26324 ||| PLANNING SWAMP:1-3
 26324 | Orc:2    | 26324 ||| READING 11 scrolls of identify.
 26324 | Orc:2    | 26324 ||| IDENTIFYING red potion
 26518 | Swamp:1  | Entered Level 1 of the Swamp
 26772 | Swamp:1  | 26772 ||| INVOKING Heroism.
 26885 | Swamp:1  | 26885 ||| INVOKING Heroism.
 26897 | Swamp:1  | Received a gift from Okawaru
 27097 | Swamp:1  | 27097 ||| Stepping ~*~*~tactically~*~*~ (stealth).
 27099 | Swamp:1  | 27099 ||| Stepping ~*~*~tactically~*~*~ (hiding).
 27102 | Swamp:1  | 27102 ||| INVOKING Heroism.
 27275 | Swamp:1  | Found a runed translucent door.
 27309 | Swamp:1  | 27309 ||| READING 2 scrolls labelled DULEKLE HATHE.
 27310 | Swamp:1  | 27310 ||| SWAPPING to +1 vampiric broad axe.
 27423 | Swamp:2  | 27423 ||| INVOKING Heroism.
 27426 | Swamp:2  | 27426 ||| Stepping ~*~*~tactically~*~*~ (cloud).
 27589 | Swamp:2  | 27589 ||| INVOKING Heroism.
 27607 | Swamp:2  | 27607 ||| SWAPPING to +0 mace.
 27609 | Swamp:2  | 27609 ||| SWAPPING to +1 vampiric broad axe.
 27615 | Swamp:2  | You are sucked into a shaft and drop 1 floor!
 27617 | Swamp:3  | 27617 ||| SWAPPING to +0 mace.
 27628 | Swamp:3  | 27628 ||| SWAPPING to +1 vampiric broad axe.
 27629 | Swamp:3  | HP: 22/103 [goliath frog (14)]
 27630 | Swamp:3  | 27630 ||| READING 7 scrolls of teleportation.
 27630 | Swamp:3  | HP: 3/103 [goliath frog (13)]
 27630 | Swamp:3  | Splashed by a goliath frog's acid

Levels and vault maps discovered:
D:1:      tarquinn_simple_flora_water_f, layout_loops_cross,
          minmay_indecisive_spiral
D:2:      layout_basic
D:3:      kennysheep_slugbush, layout_rooms, mainiacjoe_overflow_alcove_1,
          mainiacjoe_overflow_24_doors, nicolae_hepliaklqana_monster_ancestors,
          serial_shops, nicolae_shop_advertising_works
          [nicolae_subvault_shop_adworks]
D:4:      layout_rooms, solitary_fountain, uniq_eustachio
D:5:      layout_loops_cross, amcnicky_altar_gilded, kennysheep_windowed_goal
D:6:      layout_loops_ring, chequers_temple_overflow_minitemple,
          nicolae_sif_muna_little_library, nemelex_dance_club_becter,
          mainiacjoe_overflow_brackets, kennysheep_cross_bottleneck,
          uniq_duvessa, uniq_grinder
D:7:      layout_gridville, cheibrodos_worm_habitat, minmay_temple_entry_tees,
          uniq_prince_ribbit1
D:8:      wad_cavern_with_rooms, layout_loops_cross, hangedman_decor_lopped
D:9:      layout_long_grid, grunt_gozag_breadcrumbs, uniq_harold
D:10:     layout_basic, nicolae_overflow_crystal_walls, kennysheep_mini_moat,
          uniq_fannar
D:11:     layout_loops_cross, david_orc_2
D:12:     minmay_ambush_box, layout_basic, corexii_checkpoint_a
D:13:     layout_basic, trog_butcher_becter
D:14:     layout_loops_corners, grunt_vaults_entry_fortified,
          gammafunk_ghost_icy
D:15:     hangedman_depths_entry_try_elsewhere_first, layout_basic,
          serial_shops, nicolae_shop_behind_doors, serial_ice, serial_ice_e,
          serial_ice_c, serial_ice_l, serial_ice_g, serial_ice_b, serial_ice_d,
          minivault_4
Lair:1:   layout_long_grid, grunt_megastairs_3, lemuel_fruit_fields,
          infiniplex_staircase_pool
Lair:2:   layout_cave_pods, special_room [special_room_bee], grunt_megastairs_4,
          lemuel_fruit_fields, serial_bayou_shore_b, uniq_maggie
Lair:3:   layout_cave_pods, minmay_swamp_entry_worms, spider_nest_entry_a,
          lemuel_fruit_tree, uniq_urug
Lair:4:   layout_roguey, minmay_slime_entry_oklob_enclosed, minivault_19,
          chequers_serial_rivers_marsh, lemuel_fruit_fields
Lair:5:   hellmonk_lair_end_abyssal_woods, layout_cave_pods,
          ebering_ghost_inner_flame, nicolae_quartered_pool_super
Swamp:1:  gammafunk_mikee_crab_dinner, layout_basic_swamp, hangedman_swamp_pad
Swamp:2:  layout_basic_swamp, nicolae_swamp_tree_isthmus,
          infiniplex_staircase_pool_2
Swamp:3:  layout_basic_swamp, evilmike_swamp_ruin_house_6
Orc:1:    layout_caves, serial_shops, nicolae_lakefront_shop
Orc:2:    st_orc_open, layout_caves, minmay_orc_treasury, uniq_jorgrun

Skill      XL: |  1  2  3  4  5  6  7  8  9 10 11 12 13 14 15 16 |
---------------+-------------------------------------------------+-----
Axes           | 2 3 4 5 6 7 8 10 11 12 14 15 17 | 17.0
Fighting       | 4 5 6 8 9 10 11 12 | 12.4
Dodging        | 1 2 3 |  3.2
Shields        | 5 7 8 9 10 11 12 14 16 | 16.0
Invocations    | 1 3 4 6 10 | 10.1
Throwing       | 2 4 5 6 |  6.0
Armour         | 4 5 6 7 10 | 10.7

Action                     |  1- 3 |  4- 6 |  7- 9 | 10-12 | 13-15 | 16-18 || total
---------------------------+-------+-------+-------+-------+-------+-------++-------
  Melee: War axe           |   123 |    95 |   382 |   320 |       |       ||   920
         Broad axe         |       |       |       |   303 |  1299 |   414 ||  2016
         Flail             |       |       |       |    13 |       |       ||    13
         Morningstar       |       |       |       |       |     8 |       ||     8
         Mace              |       |       |       |       |       |    10 ||    10
  Throw: Boomerang         |    15 |    32 |    35 |    31 |    16 |    15 ||   144
         Javelin           |       |       |       |    31 |   173 |    26 ||   230
 Invoke: Heroism           |       |       |    17 |    23 |    31 |    12 ||    83
         Finesse           |       |       |       |     1 |     6 |       ||     7
    Use: Scroll            |     4 |     4 |     4 |     4 |    14 |     4 ||    34
         Potion            |       |       |     3 |       |     1 |       ||     4
   Stab: Distracted        |     1 |       |       |       |       |       ||     1
         Invisible         |       |       |     1 |       |       |       ||     1
 Armour: Scale mail        |    53 |    54 |   143 |   366 |   434 |    20 ||  1070
         Plate armour      |       |       |       |       |       |   199 ||   199
  Dodge: Dodged            |    55 |    63 |   112 |   247 |   436 |   148 ||  1061
  Block: Buckler           |    26 |    55 |    28 |       |       |       ||   109
         Reflection        |       |     1 |    16 |     5 |    31 |    10 ||    63
         Kite shield       |       |       |   267 |   583 |   749 |       ||  1599
         Tower shield      |       |       |       |       |   135 |   429 ||   564

Table legend:
 A = Non-vault XP
 B = Vault XP
 C = Vault XP percentage of total XP
 D = Non-vault monster count
 E = Vault monster count
 F = Vault count percentage of total count
                 A         B        C        D         E       F
            +---------+---------+-------+---------+---------+-------
      Total |  100840 |   65470 |  39.4 |     484 |     246 |  33.7
            +---------+---------+-------+---------+---------+-------
        D:1 |      58 |       6 |   9.4 |      35 |       4 |  10.3
        D:2 |      83 |       0 |   0.0 |      20 |       0 |   0.0
        D:3 |      55 |      43 |  43.9 |      17 |      12 |  41.4
        D:4 |     302 |     203 |  40.2 |      19 |       1 |   5.0
        D:5 |     510 |      36 |   6.6 |      10 |       1 |   9.1
        D:6 |     562 |     441 |  44.0 |      15 |       4 |  21.1
        D:7 |    1337 |     288 |  17.7 |      42 |       2 |   4.5
        D:8 |    2196 |    1111 |  33.6 |      26 |       5 |  16.1
        D:9 |    3036 |     886 |  22.6 |      19 |       1 |   5.0
       D:10 |    3395 |     896 |  20.9 |      21 |       1 |   4.5
       D:11 |    3706 |     273 |   6.9 |      12 |       6 |  33.3
       D:12 |    9284 |    3537 |  27.6 |      25 |      10 |  28.6
       D:13 |    4931 |     341 |   6.5 |       7 |       4 |  36.4
       D:14 |   16650 |    6302 |  27.5 |      33 |      10 |  23.3
       D:15 |    7940 |    4418 |  35.8 |      19 |      16 |  45.7
     Lair:1 |    6778 |     510 |   7.0 |      24 |       4 |  14.3
     Lair:2 |    5288 |    6284 |  54.3 |      26 |      31 |  54.4
     Lair:3 |    5218 |    2268 |  30.3 |      17 |       8 |  32.0
     Lair:4 |    3171 |    1137 |  26.4 |      12 |       2 |  14.3
     Lair:5 |   13515 |   10461 |  43.6 |      35 |      39 |  52.7
    Swamp:1 |    4735 |       0 |   0.0 |      10 |       0 |   0.0
    Swamp:2 |    3677 |       0 |   0.0 |       5 |       0 |   0.0
      Orc:1 |    2780 |       0 |   0.0 |      21 |       0 |   0.0
      Orc:2 |    1633 |   26029 |  94.1 |      14 |      85 |  85.9
            +---------+---------+-------+---------+---------+-------
